Map: Submarine LE

Players

Serral

  • Race: Zerg Zerg
  • League: Master
  • Spawn Location: 5:00

Lambo - Winner!

  • Race: Zerg Zerg
  • League: Grandmaster
  • Spawn Location: 11:00

Event: DreamHack SC2 Masters 2020 Summer Europe

VOD

Have the link to the VOD?

Description

Time

  • Played on: July 3, 2020, 12:46 p.m.
  • Length: 9:27

All games in this series

Show
View Real Time Build Order
Export as new Build Order

Serral Zerg 

Build Orders: Pool First 

Get SALT Encoding   

  12  0:00  Drone  
  13  0:12  Overlord  
  13  0:17  Drone  
  14  0:30  Drone  
  14  0:31  Drone  
  14  0:34  Drone  
  17  0:44  Spawning Pool  
  17  0:46  Drone  
  17  1:07  Hatchery  
  17  1:09  Drone  
  17  1:12  Extractor  
  17  1:15  Drone  
  17  1:18  Drone  
  18  1:31  Drone, Queen  
  21  1:39  Overlord  
  21  1:50  Zergling x2  
  22  2:00  Drone  
  23  2:07  Queen  
  25  2:11  Drone  
  25  2:13  Metabolic Boost  
  26  2:18  Drone, Queen  
  26  2:22  Drone  
  30  2:29  Drone  
  31  2:34  Overlord  
  31  2:39  Drone  
  31  2:40  Drone x2  
  31  2:43  Drone  
  35  2:47  Drone  
  36  2:54  Drone  
  37  2:59  Hatchery  
  37  3:03  Drone  
  37  3:05  Evolution Chamber  
  37  3:07  Drone  
  37  3:12  Drone  
  38  3:16  Zergling x6  
  38  3:18  Zergling x2  
  38  3:19  Drone  
  43  3:21  Drone  
  44  3:29  Roach Warren  
  44  3:31  Zerg Missile Weapons Level 1  
  44  3:34  Drone  
  44  3:38  Overlord  
  44  3:46  Extractor  
  44  3:47  Drone x2, Extractor  
  44  3:54  Lair  
  45  3:56  Drone x4  
  45  3:57  Drone  
  45  3:59  Extractor  
  45  4:00  Drone  
  50  4:05  Drone x2  
  50  4:07  Overlord  
  52  4:11  Overlord  
  52  4:14  Roach  
  54  4:21  Roach x2  
  57  4:27  Overlord  
  57  4:28  Roach x2  
  61  4:32  Drone x3  
  61  4:36  Drone x2  
  66  4:39  Drone  
  66  4:40  Drone  
  66  4:45  Overlord  
  68  4:48  Roach  
  68  4:49  Roach  
  68  4:52  Glial Reconstitution  
  72  4:54  Overseer  
  72  4:55  Extractor  
  72  4:57  Roach  
  73  5:01  Roach x2  
  73  5:06  Roach x2  
  80  5:10  Overlord  
  80  5:12  Drone  
  80  5:13  Drone  
  80  5:14  Drone  
  82  5:18  Roach, Overlord  
  82  5:20  Overlord  
  84  5:29  Zerg Ground Armor Level 1  
  84  5:31  Drone x2  
  86  5:36  Roach x4  
  86  5:42  Roach x2  
  98  5:49  Roach x3, Extractor  
  103  5:57  Roach x3  
  103  6:00  Drone, Overlord  
  110  6:06  Roach  
  112  6:13  Overlord  
  112  6:19  Roach x4  
  112  6:21  Overlord x2  
  112  6:23  Ravager  
  121  6:27  Overlord  
  121  6:39  Ravager x3  
  125  6:40  Ravager x2  
  125  6:44  Roach x2  
  129  6:49  Roach x3  
  129  6:53  Roach x2  
  138  6:56  Roach  
  138  7:04  Roach x4  
  138  7:08  Roach  
  144  7:15  Roach x3  
  140  7:22  Roach x7  
  136  7:29  Overseer  
  115  7:33  Roach x3  
  103  7:38  Roach x4  
  103  7:41  Roach  
  103  7:42  Roach  
  115  7:51  Roach x4  
  122  8:01  Roach x3  
  112  8:09  Roach x6  
  110  8:13  Roach x2  
  96  8:21  Roach x3  
  96  8:24  Roach  
  90  8:28  Roach x2  
  90  8:32  Ravager  
  90  8:33  Roach x2  
  93  8:39  Roach x2  
  89  8:47  Roach  
  89  8:52  Roach x2  
  93  8:56  Roach x2  
  93  8:58  Roach  
  93  9:02  Ravager  
  100  9:08  Roach  
  104  9:12  Ravager  
Show
View Real Time Build Order
Export as new Build Order

Lambo Zerg - Winner!

Build Orders: Hatch First 

Get SALT Encoding   

  12  0:01  Drone  
  13  0:12  Overlord  
  13  0:17  Drone  
  14  0:30  Drone x2  
  16  0:47  Hatchery  
  15  0:51  Drone  
  15  0:55  Drone  
  17  0:58  Drone  
  18  1:09  Extractor  
  17  1:13  Spawning Pool  
  17  1:16  Drone  
  17  1:20  Drone  
  18  1:28  Drone  
  19  1:39  Drone  
  20  1:49  Drone  
  21  1:59  Queen x2  
  21  2:00  Drone  
  26  2:01  Overlord  
  26  2:11  Drone x2  
  28  2:22  Drone x2  
  30  2:34  Drone x2  
  30  2:35  Queen  
  30  2:36  Lair  
  34  2:42  Evolution Chamber  
  33  2:47  Drone x2  
  33  2:49  Roach Warren  
  34  2:54  Overlord  
  34  2:55  Drone  
  35  3:05  Drone  
  35  3:09  Zerg Missile Weapons Level 1  
  35  3:12  Drone x5  
  41  3:15  Extractor  
  41  3:17  Drone  
  41  3:20  Drone  
  41  3:21  Drone  
  41  3:25  Overlord  
  43  3:31  Extractor  
  43  3:32  Overlord  
  43  3:33  Drone  
  43  3:37  Glial Reconstitution  
  43  3:44  Drone  
  44  3:53  Evolution Chamber, Drone x3  
  44  3:55  Drone  
  47  3:57  Roach x2  
  47  4:00  Overlord  
  51  4:11  Overlord  
  51  4:13  Overlord  
  51  4:19  Roach x3  
  57  4:26  Roach  
  59  4:31  Hatchery  
  59  4:35  Roach x4  
  66  4:41  Overseer  
  66  4:42  Drone  
  67  4:48  Drone, Zerg Ground Armor Level 1  
  67  4:49  Drone  
  67  4:51  Drone x2, Extractor  
  70  4:55  Drone  
  70  4:57  Drone  
  72  5:01  Drone  
  72  5:02  Drone x2  
  75  5:10  Drone, Overlord  
  75  5:12  Zerg Missile Weapons Level 2  
  76  5:15  Overlord  
  76  5:17  Overlord  
  76  5:19  Overlord  
  76  5:24  Overlord  
  76  5:32  Drone x2  
  76  5:33  Drone x3  
  81  5:43  Roach x3  
  81  5:48  Roach x4  
  95  5:51  Tunneling Claws  
  95  5:55  Burrow  
  95  5:57  Drone x2  
  95  5:58  Extractor  
  95  5:59  Drone  
  95  6:00  Drone  
  95  6:04  Roach  
  100  6:06  Drone  
  100  6:08  Roach x2  
  100  6:10  Pneumatized Carapace  
  105  6:21  Roach x6  
  117  6:25  Extractor  
  117  6:26  Overlord  
  117  6:31  Roach x3  
  122  6:34  Overlord  
  122  6:40  Overlord  
  122  6:41  Overlord  
  122  6:43  Overlord  
  122  6:53  Roach x7  
  122  6:54  Roach x19  
  136  6:55  Roach  
  138  7:01  Roach  
  138  7:03  Roach  
  138  7:05  Roach x5  
  138  7:06  Roach  
  138  7:07  Roach  
  136  7:09  Roach  
  136  7:10  Roach  
  136  7:11  Roach x4  
  141  7:15  Roach  
  141  7:16  Roach  
  141  7:20  Roach  
  141  7:21  Roach  
  122  7:22  Roach x2  
  122  7:25  Roach x3  
  122  7:27  Roach x2  
  116  7:32  Roach x2  
  115  7:40  Roach x4  
  123  7:44  Ravager x3  
  123  7:45  Roach  
  123  7:48  Roach x2  
  130  7:51  Roach  
  130  7:52  Roach  
  130  7:53  Ravager  
  130  7:54  Roach  
  130  7:55  Roach  
  130  7:56  Roach x2  
  135  8:01  Roach x2  
  124  8:06  Roach x2  
  124  8:08  Roach  
  124  8:10  Roach  
  117  8:14  Roach  
  117  8:16  Roach x2  
  117  8:17  Roach  
  117  8:18  Roach x2  
  110  8:20  Roach  
  110  8:22  Roach  
  110  8:24  Roach x2  
  110  8:26  Roach x2  
  107  8:31  Roach  
  101  8:36  Roach x3  
  101  8:41  Roach  
  101  8:44  Roach x2  
  103  8:53  Roach x3  
  103  8:54  Ravager  
  103  8:55  Ravager  
  111  8:58  Roach  
  111  9:02  Roach  
  115  9:04  Roach  
  115  9:07  Roach  
Tags
 
Add a new tag
Caveats
  • Supply blocks, unpowered buildings, or Contaminate may cause inaccurate times.
  • Supply counts are checked every 10 seconds.